 Dungeon Sprint DCSS version 0.30.0-20-g3b4254fcbd (webtiles) character file.

Game seed: 5685214851703600884

7 Groucho the Sneak (level 1, 0/9 HPs)
             Began as a Spriggan Enchanter on June 2, 2023.
             Slain by a merfolk siren
             ... wielding a +0 spear
              (5 damage)
             ... in the Dungeon (Sprint II: "The Violet Keep of Menkaure").
             The game lasted 00:00:19 (19 turns).

Groucho the Sneak (Spriggan Enchanter)                Turns: 19, Time: 00:00:20

Health: 0/9        AC:  2    Str:  4    XL:     1   Next: 83%
Magic:  5/5        EV: 17    Int: 16    God:
Gold:   243        SH:  0    Dex: 15    Spells: 6/6 levels left

rFire   . . .        a - +1 dagger
rCold   . . .        (no shield)
rNeg    . . .        b - +0 robe
rPois   .            (helmet restricted)
rElec   .            (no cloak)
rCorr   .            (gloves unavailable)
SInv    +            (boots unavailable)
Will    .....        (no amulet)
Stlth   +++          (no ring)
HPRegen 0.21/turn    (no ring)
MPRegen 0.09/turn

%: no teleportation
@: hasted, invisible, very quick
A: very small, no large weapons, unfitting armour, see invisible, speed 3
a: no special abilities


You were in the Dungeon.
You visited 1 branch You collected 243 gold pieces.

Inventory:

Hand Weapons
 a - a +1 dagger (weapon)
Armour
 b - a +0 robe (worn)
Scrolls
 i - a scroll of blinking
Potions
 c - a potion of invisibility
 e - a potion of heal wounds
 g - 2 potions of magic
 h - a potion of berserk rage


   Skills:
 + Level 2.0 Short Blades
 - Level 2.6 Dodging
 * Level 5.8 Stealth
 + Level 3.3 Spellcasting
 + Level 4.1 Hexes


You had 6 spell levels left.
You didn't know any spells.
Your spell library contained the following spells:

 Spells                   Type           Power      Damage    Failure   Level
 Confusing Touch          Hex            16%        N/A       10%         3
 Tukima's Dance           Hex            16%        N/A       10%         3
 Ensorcelled Hibernation  Hex/Ice        18%        N/A       12%         2
 Dazzling Flash           Conj/Hex       18%        N/A       22%         3


Dungeon Overview and Level Annotations

Branches:
Dungeon (1/1)

Altars:


Innate Abilities, Weirdness & Mutations

You are very small and have problems with some larger weapons.
You are too small for most types of armour.
You have supernaturally acute eyesight. (SInv)
You cover ground extremely quickly. (Speed+++)


Message History

2 worms come into view.
Found 243 gold pieces.
Unknown command.
There is an open door here.
The helpless worm fails to defend itself.
You impale the worm!!
You kill the worm!
Your Stealth skill increases to level 5!
Your Spellcasting skill increases to level 3!
Your Hexes skill increases to level 4!
The helpless worm fails to defend itself.
You impale the worm!!
You kill the worm!
Your Short Blades skill increases to level 2!
No target in view!
Unknown command.
You now have 243 gold pieces.
There is an open door here.
You open the door.
A merfolk siren comes into view. It is wielding a +0 spear.
Found 243 gold pieces.
There is an open door here.
You see here 243 gold pieces.
The helpless merfolk siren fails to defend itself.
You impale the merfolk siren!!
The merfolk siren is severely wounded.
The merfolk siren hits you with a +0 spear!
Ouch! That really hurt!
* * * LOW HITPOINT WARNING * * *
Unknown command.
You feel better.
The merfolk siren hits you with a +0 spear.
You hit the merfolk siren.
The merfolk siren is severely wounded.
You closely miss the merfolk siren.
You punch the merfolk siren, but do no damage.
The merfolk siren is severely wounded.
The merfolk siren hits you with a +0 spear.
Ouch! That really hurt!
You die...

##+ ##.#
#††##
#..# ##
##'###.##
##.##.m.#
+.<.'@#
##.##...#
#+###.##
##


You could see a merfolk siren (unable to see you).

Vanquished Creatures
  2 worms (D)
2 creatures vanquished.

Notes
Turn   | Place    | Note
-------+----------+-------------------------------------------
     0 | D        | Groucho the Spriggan Enchanter began the quest for the Orb.
     0 | D        | Reached XP level 1. HP: 9/9 MP: 5/5
     7 | D        | Reached skill level 5 in Stealth
    13 | D        | Noticed a merfolk siren
    19 | D        | Slain by a merfolk siren

Illustrated notes

Levels and vault maps discovered:
D:        the_violet_keep_of_menkaure [sprint2_stairs_cluster_1,
          sprint2_shoproom, sprint2_temple, sprint2_basic_supplies,
          sprint2_obstacle_7, sprint2_obstacle_3, sprint2_obstacle_2,
          sprint2_obstacle_4, sprint2_obstacle_6, sprint2_timed_cluster_1,
          sprint2_smallroom_cluster_1, sprint2_smallroom_final_cluster_1,
          sprint2_transparent_cluster_1, sprint2_second_timed_cluster_1,
          sprint2_sniper_area_1, sprint2_heavy_combat_area_1,
          sprint2_mutation_trap_area_1, sprint2_forest_area_1,
          sprint2_light_combat_area_1, sprint2_behind_water_1,
          sprint2_near_end_vault_1]

Skill      XL: |  1 |
---------------+----+-----
Stealth        | 5 |  5.8
Spellcasting   | 3 |  3.3
Hexes          | 4 |  4.1
Short Blades   | 2 |  2.0
Dodging        | |  2.6

Action                     || total
---------------------------++-------
  Melee: Dagger            ||     5
         Punch             ||     1
    Use: Potion            ||     3
   Stab: Sleeping          ||     3
